 Dungeon Crawl Stone Soup version 0.22-a0-803-gd6d8abe (webtiles) character file.

266 Alarkh the Insei (level 6, 42/42 HPs)
             Began as an Octopode Monk on July 22, 2018.
             Was a Priest of Wu Jian.
             Got out of the dungeon alive.
             The game lasted 00:07:17 (3429 turns).

Alarkh the Insei (Octopode Monk)                    Turns: 3429, Time: 00:07:18

Health: 42/42      AC:  1    Str: 10    XL:     6   Next: 20%
Magic:  6/6        EV: 14    Int: 15    God:    Wu Jian [***...]
Gold:   229        SH:  0    Dex: 14    Spells: 5/5 levels left

rFire    . . .     SeeInvis .     - Unarmed
rCold    . . .     Gourm    .   (no shield)
rNeg     . . .     Faith    .   (helmet restricted)
rPois    .         Spirit   .   (no amulet)
rElec    .         Reflect  .   p - ring of wizardry
rCorr    .         Harm     .   b - ring of wizardry
MR       .....                  (no ring)
Stlth    +++.......             (no ring)
HPRegen  0.14/turn              (no ring)
MPRegen  0.10/turn              (no ring)
                                (no ring)
                                (no ring)

@: no status effects
A: almost no armour, stealthy swim, amphibious, 8 rings, constrict 8, camouflage
1, gelatinous body 1
a: Wall Jump, Serpent's Lash, Renounce Religion


You escaped.
You worshipped Wu Jian.
Wu Jian was most pleased with you.
You were hungry.

You visited 1 branch of the dungeon, and saw 4 of its levels.

You collected 229 gold pieces.

Inventory:

Jewellery
 b - a ring of wizardry (right tentacle)
 p - a ring of wizardry (left tentacle)
Wands
 r - a wand of flame (20)
Scrolls
 c - a scroll of immolation
 e - 2 scrolls of identify
 g - 3 scrolls of enchant armour
 h - 2 scrolls of blinking {unknown}
 j - 2 scrolls of random uselessness {unknown}
 k - 2 scrolls of fear {unknown}
 l - 5 scrolls of remove curse
 m - a scroll of magic mapping {unknown}
 n - 2 scrolls of fog {unknown}
 q - a scroll of enchant weapon {unknown}
Potions
 d - a potion of haste
 f - a potion of resistance
 i - a potion of curing
 o - a potion of lignification
Comestibles
 a - 5 rations


   Skills:
 + Level 3.3 Fighting
 + Level 3.3 Dodging
 + Level 3.4 Stealth
 * Level 6.1 Unarmed Combat


You had 5 spell levels left.
You didn't know any spells.
Your spell library was empty.

Dungeon Overview and Level Annotations

Branches:
Dungeon (4/15)             Temple (0/1) D:4

Altars:
Ashenzari
Elyvilon
Fedhas
Hepliaklqana
Makhleb
Uskayaw
Wu Jian

Annotations:
D:4 1 runed door, Meatbag's ghost, amateur DrWr


Innate Abilities, Weirdness & Mutations

You cannot wear most types of armour.
You are very stealthy in the water. (Stealth+)
You are amphibious.
You can wear up to eight rings at the same time.
You can use your tentacles to constrict eight enemies at once.
Your skin changes colour to match your surroundings (Stealth+).
Your rubbery body absorbs attacks. (AC +1, EV +1)


Message History

Partly explored, can't reach some items.
Unknown command.
(D) Dungeon (T) Temple
Where to? (Enter - D:4, ? - help) You're already here!
There is a stone staircase leading up here.
You climb upwards.
There is a stone staircase leading down here.
There is a stone staircase leading up here.
You climb upwards.
There is a stone staircase leading down here.
Things that are here:
3 stones; a dagger
There is an escape hatch in the ceiling here.
A mysterious force pulls you upwards. The hatch slams shut behind you.
There is an open door here.
There is an open door here.
There is a staircase leading out of the dungeon here.
Are you sure you want to leave the Dungeon?
This will make you lose the game!
You have escaped!

≈♣P≈≈♣♣P≈≈P.≈#.# ######## ###
≈P♣≈≈♣.♣≈≈P.≈#.# #......# #..
≈.P≈≈P♣P≈≈♣P≈#.######......####.#
≈.♣≈≈♣P♣≈≈P.≈#.............'.....
≈♣♣≈≈♣♣P≈≈♣P≈########......#.....
≈♣♣≈≈≈≈≈≈≈♣P≈##### ####.########
≈P♣≈.....≈♣P≈#...# #.# ##
≈≈≈≈.###.≈≈≈≈#...# #.# #.
.....#§#.....'..@# #.# ##
≈≈≈≈.###.≈≈≈≈#...# #.#
≈.P≈.....≈PP≈#...##### #.#
≈♣P≈≈≈≈≈≈≈♣P≈#####...###.########
≈P♣≈≈P.♣≈≈♣.≈##..............##..
≈♣♣≈≈.P.≈≈.♣≈##.#........)...##.#
≈P.≈≈♣♣♣≈≈..≈#...............##.#
≈PP≈≈♣♣P≈≈P.≈#.....##........##..
≈PP≈≈P♣P≈≈P.≈#..#........########


There were no monsters in sight!

Vanquished Creatures
  A scorpion (D:4)
  An orc priest (D:3)
  A bullfrog skeleton (D:4)
  An orc wizard (D:3)
  A hound skeleton (D:4)
  An adder (D:4)
  An ooze (D:3)
  4 worms
  2 dart slugs (D:1)
  4 leopard geckos
  12 orcs
  3 bats
  3 giant cockroaches (D:1)
  5 goblins
  8 hobgoblins
  11 jackals
  6 kobolds
  2 quokkas
  2 frilled lizards
  A jackal skeleton (D:4)
  5 rats
75 creatures vanquished.

Notes
Turn   | Place    | Note
-------+----------+-------------------------------------------
     0 | D:1      | Alarkh the Octopode Monk began the quest for the Orb.
     0 | D:1      | Reached XP level 1. HP: 16/16 MP: 1/1
    52 | D:1      | Reached XP level 2. HP: 21/21 MP: 2/2
   282 | D:1      | Reached skill level 4 in Unarmed Combat
   365 | D:1      | Reached XP level 3. HP: 20/26 MP: 3/3
   596 | D:2      | Found an ornate altar of the Wu Jian Council.
   609 | D:2      | Became a worshipper of the Wu Jian Council
   609 | D:2      | Reached * piety under Wu Jian
   609 | D:2      | Reached ** piety under Wu Jian
   746 | D:2      | Found a blossoming altar of Fedhas.
  1331 | D:3      | Found a white marble altar of Elyvilon.
  1347 | D:3      | Reached skill level 5 in Unarmed Combat
  1347 | D:3      | Reached XP level 4. HP: 26/31 MP: 4/4
  1622 | D:3      | Reached XP level 5. HP: 29/36 MP: 5/5
  1623 | D:3      | Found a shattered altar of Ashenzari.
  1813 | D:3      | Found a hide-covered altar of Uskayaw.
  1813 | D:3      | Found a burning altar of Makhleb.
  1818 | D:3      | Found a faded altar of an unknown god.
  1820 | D:3      | Found a faded altar of an unknown god.
  1822 | D:3      | Found a hazy altar of Hepliaklqana.
  2252 | D:4      | Found a runed door.
  2289 | D:4      | Noticed Meatbag's ghost (amateur DrWr)
  2294 | D:4      | Noticed an ogre
  2513 | D:4      | Reached *** piety under Wu Jian
  2513 | D:4      | Reached skill level 6 in Unarmed Combat
  2805 | D:4      | Reached XP level 6. HP: 16/42 MP: 6/6
  3124 | D:4      | Found a staircase to the Ecumenical Temple.
  3429 | D:$      | Got out of the dungeon alive.

Vault maps used:
D:1:      lightli_arrival_farm
D:2:      lemuel_crystal_altar, fedhas_altar_1
D:3:      old_standard_altar, nicolae_overflow_crystal_walls,
          chequers_temple_overflow_minitemple, first_ration, serial_forest,
          infiniplex_forest_clump_small, infiniplex_forest_lined_3_way,
          infiniplex_forest_lined_room_2, infiniplex_forest_clump_tiny,
          infiniplex_forest_zigzag_2, minmay_misc_feat_enclosed,
          bh_walls_and_bars
D:4:      minmay_temple_entry_nine_rooms, ebering_ghost_sewer_d

Skill      XL: |  1  2  3  4  5 |
---------------+----------------+-----
Unarmed Combat | 4 5 6 |  6.1
Stealth        | 3 |  3.4
Fighting       | |  3.3
Dodging        | |  3.3

Action                   |  1- 3 |  4- 6 || total
-------------------------+-------+-------++-------
Melee: Unarmed           |    81 |   108 ||   189
       Constrict         |    23 |    41 ||    64
       Tentacles         |     9 |    24 ||    33
       Punch             |     4 |     3 ||     7
Invok: Whirlwind         |    18 |    79 ||    97
       Lunge             |     9 |     9 ||    18
 Abil: Wall Jump         |     1 |     3 ||     4
  Use: Scroll            |     4 |     3 ||     7
 Stab: Sleeping          |    14 |     5 ||    19
       Distracted        |       |     1 ||     1
  Eat: Chunk             |     1 |     6 ||     7
Armor: Skin              |     4 |     4 ||     8
Dodge: Dodged            |    36 |    45 ||    81

Table legend:
 A = Spawn XP
 B = Non-spawn XP
 C = Spawn XP percentage of total XP
 D = Spawn monster count
 E = Non-spawn monster count
 F = Spawn count percentage of total count
 G = Total turns spent on level
                    A         B        C        D         E        F      G
               +---------+---------+-------+---------+---------+-------+---------
         Total |       0 |     381 |   0.0 |       0 |      75 |   0.0 |  3429
               +---------+---------+-------+---------+---------+-------+---------
           D:1 |       0 |      38 |   0.0 |       0 |      19 |   0.0 |   642
           D:2 |       0 |      23 |   0.0 |       0 |      13 |   0.0 |   597
           D:3 |       0 |     145 |   0.0 |       0 |      28 |   0.0 |  1054
           D:4 |       0 |     175 |   0.0 |       0 |      15 |   0.0 |  1136
               +---------+---------+-------+---------+---------+-------+---------
